Map: Abyssal Reef LE

Players

HateMe

  • Race: Zerg Zerg
  • Spawn Location: 5:00

Bly - Winner!

  • Race: Zerg Zerg
  • Spawn Location: 11:00

Event: WCS Valencia 2017

VOD

Have the link to the VOD?

Description

Time

  • Played on: July 13, 2017, 10:17 a.m.
  • Length: 8:19

All games in this series

Show
View Real Time Build Order
Export as new Build Order

HateMe Zerg 

Build Orders: Hatch First 

Get SALT Encoding   

  12  0:02  Drone  
  13  0:12  Overlord  
  13  0:17  Drone  
  14  0:31  Drone x2  
  14  0:34  Drone  
  17  0:52  Hatchery  
  17  0:54  Drone  
  17  0:58  Drone  
  17  1:00  Extractor  
  17  1:13  Spawning Pool  
  17  1:17  Drone  
  17  1:20  Drone  
  18  1:28  Drone  
  19  1:39  Overlord  
  19  2:00  Queen  
  21  2:01  Zergling x4  
  21  2:02  Metabolic Boost  
  21  2:04  Queen  
  21  2:07  Zergling x2  
  26  2:12  Zergling x2  
  27  2:21  Zergling x2  
  26  2:35  Zergling x2  
  19  2:57  Drone x2  
  21  3:03  Drone  
  22  3:08  Drone  
  22  3:10  Drone  
  24  3:15  Drone  
  25  3:23  Drone  
  26  3:35  Overlord  
  26  3:36  Drone x2  
  27  3:51  Hatchery  
  27  3:53  Drone  
  27  3:55  Drone  
  28  3:59  Drone  
  28  4:00  Drone  
  30  4:07  Overlord  
  30  4:09  Drone  
  31  4:11  Drone  
  31  4:14  Drone  
  31  4:17  Drone x2  
  33  4:29  Roach Warren  
  32  4:32  Drone x3  
  35  4:38  Drone  
  35  4:39  Drone  
  37  4:49  Overlord x2  
  37  5:01  Extractor, Lair, Drone x3  
  37  5:02  Evolution Chamber  
  37  5:04  Drone  
  37  5:05  Drone  
  40  5:08  Drone  
  40  5:09  Drone  
  40  5:11  Drone  
  40  5:12  Drone  
  44  5:17  Drone x2  
  46  5:25  Queen  
  47  5:35  Zerg Missile Weapons Level 1  
  47  5:37  Overlord  
  47  5:40  Drone x6  
  53  5:44  Overlord  
  53  5:46  Drone  
  53  5:48  Drone  
  53  5:49  Drone  
  56  5:54  Drone  
  56  5:55  Drone  
  56  5:56  Drone x2  
  60  5:59  Overlord  
  60  6:01  Glial Reconstitution  
  60  6:05  Extractor x2  
  60  6:07  Extractor  
  60  6:08  Drone x2  
  60  6:09  Drone  
  60  6:10  Overlord  
  60  6:13  Overlord  
  60  6:15  Roach  
  60  6:17  Roach  
  64  6:19  Roach  
  64  6:21  Roach  
  64  6:23  Roach  
  70  6:27  Roach  
  70  6:28  Roach  
  70  6:30  Roach  
  70  6:31  Roach  
  78  6:34  Roach  
  78  6:35  Roach  
  78  6:38  Roach  
  84  6:40  Overlord  
  84  6:42  Roach  
  84  6:43  Roach  
  84  6:46  Roach  
  90  6:48  Roach  
  90  6:50  Roach  
  90  6:51  Roach  
  96  6:55  Roach  
  96  6:58  Overlord  
  96  7:00  Overlord  
  100  7:01  Roach  
  100  7:03  Roach  
  100  7:06  Roach  
  100  7:07  Roach  
  106  7:10  Overlord  
  106  7:19  Roach  
  106  7:20  Roach x3  
  114  7:27  Overlord  
  114  7:29  Roach x3  
  118  7:30  Ravager  
  118  7:31  Roach  
  118  7:34  Ravager  
  118  7:35  Roach x2  
  118  7:36  Ravager  
  124  7:42  Roach x3  
  127  7:47  Roach x3  
  121  7:53  Roach  
  121  7:54  Roach x2  
  121  7:57  Roach  
  121  7:58  Roach  
Show
View Real Time Build Order
Export as new Build Order

Bly Zerg - Winner!

Build Orders: Pool First 

Get SALT Encoding   

  12  0:18  Spawning Pool  
  11  0:22  Drone  
  11  0:26  Drone  
  13  0:34  Drone  
  14  0:42  Overlord  
  14  1:05  Zergling x4  
  14  1:06  Zergling x2  
  17  1:16  Zergling x2  
  18  1:22  Hatchery  
  17  1:28  Zergling x2  
  18  1:36  Queen  
  18  1:38  Zergling x2  
  21  1:49  Zergling x2  
  22  1:59  Overlord  
  22  2:17  Queen  
  22  2:20  Drone  
  24  2:36  Drone x3  
  26  2:43  Drone  
  24  2:49  Drone x4  
  28  2:54  Extractor  
  28  2:56  Queen  
  29  3:00  Drone x2  
  31  3:08  Drone  
  31  3:11  Overlord  
  32  3:18  Drone  
  33  3:21  Drone x3  
  35  3:28  Zergling x2  
  35  3:29  Zergling x2  
  35  3:30  Spine Crawler  
  35  3:36  Queen  
  35  3:39  Drone  
  38  3:42  Drone  
  38  3:43  Drone  
  40  3:49  Drone x3  
  40  3:54  Roach Warren  
  43  4:01  Drone  
  44  4:09  Overlord  
  43  4:21  Hatchery  
  42  4:26  Drone x2  
  42  4:28  Extractor, Lair  
  43  4:34  Drone x4  
  43  4:35  Drone  
  43  4:38  Extractor, Drone  
  47  4:41  Evolution Chamber  
  47  4:51  Drone x3  
  47  4:52  Drone x2  
  52  4:56  Overlord  
  52  4:59  Overlord  
  52  5:01  Metabolic Boost  
  52  5:10  Overlord  
  52  5:12  Extractor  
  50  5:16  Overlord  
  50  5:19  Drone x3  
  52  5:21  Drone  
  52  5:22  Zerg Missile Weapons Level 1  
  53  5:32  Spire  
  52  5:38  Drone x8  
  52  5:42  Glial Reconstitution  
  60  5:48  Drone x2  
  62  5:55  Drone x3  
  62  5:56  Roach x2  
  69  6:01  Roach x2  
  73  6:06  Overlord  
  73  6:13  Extractor, Drone x3  
  73  6:14  Drone  
  73  6:16  Extractor  
  75  6:26  Drone x3  
  75  6:28  Overlord  
  75  6:31  Drone x3  
  75  6:32  Drone x2  
  83  6:44  Mutalisk  
  83  6:45  Mutalisk x5  
  95  6:48  Hatchery  
  95  6:49  Roach  
  98  6:54  Roach x4  
  98  6:58  Roach  
  98  7:00  Overlord  
  98  7:01  Overlord  
  106  7:03  Overlord  
  106  7:05  Overlord  
  106  7:22  Roach x3  
  112  7:29  Roach x4  
  120  7:39  Roach x7  
  120  7:43  Roach x2  
  120  7:44  Overlord  
  138  7:51  Roach Warren, Overlord  
Tags
 
Add a new tag
Caveats
  • Supply blocks, unpowered buildings, or Contaminate may cause inaccurate times.
  • Supply counts are checked every 10 seconds.